 Dungeon Crawl Stone Soup version 0.19.1-1-g22dce08 (webtiles) character file.

11974 theMooja the Reanimator (level 11, -2/77 HPs)
             Began as a Demonspawn Necromancer on Dec 28, 2016.
             Was an Initiate of Gozag.
             Slain by a blink frog (15 damage)
             ... on level 2 of the Lair of Beasts on Dec 29, 2016.
             The game lasted 01:39:36 (13936 turns).

theMooja the Reanimator (Demonspawn Necromancer)   Turns: 13936, Time: 01:39:37

Health: -2/77      AC: 13    Str: 12    XL:     11   Next: 56%
Magic:  28/35      EV: 13    Int: 16    God:    Gozag
Gold:   1908       SH:  0    Dex: 14    Spells: 6 memorised, 14 levels left

rFire  + . .     SeeInvis .     d - +0 lajatang
rCold  + . .     Gourm    .     g - +0 leather armour
rNeg   . . .     Faith    .     (shield currently unavailable)
rPois  .         Spirit   .     t - +0 helmet
rElec  .         Reflect  .     (no cloak)
rCorr  .         Harm     .     (no gloves)
MR     .....                    (boots unavailable)
Stlth  ++........               v - amulet of magic regeneration
                                N - ring of protection from cold
                                m - ring of magical power

@: sanguine armour
A: talons 3, fire resistance 1, high mp 1, sanguine armour 2
a: Potion Petition, Call Merchant, Bribe Branch, Renounce Religion


You were on level 2 of the Lair of Beasts.
You worshipped Gozag.
Gozag was most pleased with you.
You were not hungry.

You visited 2 branches of the dungeon, and saw 13 of its levels.

You collected 2348 gold pieces.
You paid 440 gold pieces to Gozag.

Inventory:

Hand Weapons
 d - a +0 lajatang (weapon)
Armour
 g - a +0 leather armour (worn)
 t - a +0 helmet (worn)
Jewellery
 m - a ring of magical power (left hand)
 n - an uncursed amulet of the gourmand {unknown}
 v - an amulet of magic regeneration (around neck)
 N - a ring of protection from cold (right hand)
Wands
 j - a wand of iceblast (8/15)
 w - a wand of iceblast (7/15)
 J - a wand of hasting (2/9)
Scrolls
 c - a scroll of enchant weapon
 e - 3 scrolls of teleportation
 f - a scroll of fear {unknown}
 i - a scroll of amnesia
 k - 3 scrolls of noise
 s - 5 scrolls of magic mapping
 A - 2 scrolls of fog
 B - 4 scrolls of remove curse
 C - a scroll of immolation
 G - a scroll of enchant armour
Potions
 h - 2 potions of flight
 l - a potion of agility
 o - 2 potions of curing
 r - a potion of brilliance
 u - 2 potions of magic
 z - a potion of invisibility
 E - 2 potions of degeneration
 H - a potion of mutation {unknown}
 I - 2 potions of lignification
Books
 a - a book of Unlife

   Spells                             Type                      Level
   a - Recall                         Summoning/Translocation      3
   b - Animate Dead                   Necromancy                   4
   c - Control Undead                 Necromancy                   4
   d - Cigotuvi's Embrace             Necromancy                   5
   e - Death Channel                  Necromancy                   6
   f - Simulacrum                     Ice/Necromancy               6
 b - a book of Necromancy

   Spells                             Type                      Level
   a - Pain                           Necromancy                   1
   b - Animate Skeleton               Necromancy                   1
   c - Vampiric Draining              Necromancy                   3
   d - Regeneration                   Charms/Necromancy            3
   e - Animate Dead                   Necromancy                   4
   f - Control Undead                 Necromancy                   4
 p - a Young Poisoner's Handbook

   Spells                             Type                      Level
   a - Sting                          Conjuration/Poison           1
   b - Mephitic Cloud                 Conjuration/Poison/Air       3
   c - Olgreb's Toxic Radiance        Poison                       4
   d - Alistair's Intoxication        Transmutation/Poison         5
   e - Venom Bolt                     Conjuration/Poison           5
 x - a book of Conjurations

   Spells                             Type                      Level
   a - Magic Dart                     Conjuration                  1
   b - Searing Ray                    Conjuration                  2
   c - Dazzling Spray                 Conjuration/Hexes            3
   d - Fulminant Prism                Conjuration/Hexes            4
   e - Iskenderun's Mystic Blast      Conjuration                  4
   f - Iskenderun's Battlesphere      Conjuration/Charms           5
 L - a book of Cantrips

   Spells                             Type                      Level
   a - Confusing Touch                Hexes                        1
   b - Animate Skeleton               Necromancy                   1
   c - Summon Small Mammal            Summoning                    1
   d - Apportation                    Translocation                1
Comestibles
 q - 2 fruits
 D - a meat ration


   Skills:
 + Level 4.0 Fighting
   Level 7.1(8.0) Maces & Flails
 * Level 5.6(7.3) Staves
 - Level 3.6 Armour
 + Level 3.9 Dodging
 + Level 2.5 Stealth
   Level 3.5 Shields
 + Level 9.0 Spellcasting
 + Level 2.0 Conjurations
 - Level 9.1 Necromancy
 * Level 4.5 Poison Magic


You had 14 spell levels left.
You knew the following spells:

 Your Spells              Type           Power        Failure   Level  Hunger
a - Pain                  Necr           ####         1%          1    None
b - Vampiric Draining     Necr           #####.....   1%          3    #......
c - Control Undead        Necr           #####.....   3%          4    ###....
d - Magic Dart            Conj           ##..         8%          1    None
e - Sting                 Conj/Pois      ###.         3%          1    None
f - Olgreb's Toxic Radia  Pois           ###.....     21%         4    ###....


Dungeon Overview and Level Annotations

Branches:
Dungeon (10/15)            Temple (0/1) D:5            Lair (3/6) D:10
  Swamp: Lair:2-4    Shoals: Lair:2-4     Snake: Lair:2-4    Spider: Lair:2-4
    Orc: D:9-12

Altars:
Elyvilon
Fedhas
Gozag
Okawaru
Sif Muna


Innate Abilities, Weirdness & Mutations

You have claws for feet.
Your flesh is heat resistant. (rF+)
When seriously injured, your bleeding wounds create thick armour. (AC +9)
You have an increased reservoir of magic. (+10% MP)


Message History

The blink frog hits you but does no damage.
You barely miss the blink frog.
The blink frog is heavily wounded.
The blink frog hits you.
You miss the blink frog.
The blink frog is heavily wounded.
The blink frog barely misses you. The blink frog closely misses you.
You miss the blink frog.
The blink frog is heavily wounded.
The blink frog hits you!
* * * LOW HITPOINT WARNING * * *
Casting: Sting
Confirm with . or Enter, or press ? or * to list all spells.
Aiming: Vampiric Draining
Press: ? - help, Shift-Dir - straight line, f/p - blink frog
Aim: a blink frog (heavily wounded)
The blink frog is severely wounded.
You feel life coursing into your body. The blink frog hits you!
You die...
Your body crumbles into a pile of gold.

,,,...,,* ##..# #..........
,,,.,,,** ##.### ##+#...PP##
*,****** #...# **,####### ,,**
##.## *,,*** *,,* #..## **,*,*
,,** *** **####..## *,,**
,*****,** #.#..#P..## **,* ****
,,,,,*,,*##......$..##***+***,,*
,,,,,,,,,#......@...P#*,,,,,,,,*
,,,,,,,,*#......F...##*,,,,,,,,**
,,,,,,,,,............#,,,,,,,,,,*
,,,,,,,,*.............#,,,,,,,,,,
,,,,,,,,,.............+,,,,,,,,,*
,,,,,,,,*#..........###,,,,,,,,,*
,****,,**#P.........# *,,,,,,,,**
*,* *,** ###..#.#.### *******+**
*** *,* *,,,,,*** *,*


You could see a blink frog.

Vanquished Creatures
  Pikel (D:6)
  A black mamba (Lair:1)
  2 spiny frogs
  A rime drake (Lair:1)
  A komodo dragon (shapeshifter) (D:10)
  2 komodo dragons
  Prince Ribbit (D:7)
  4 hippogriffs
  2 blink frogs (Lair:2)
  15 yaks
  A basilisk (Lair:2)
  A hungry ghost (D:7)
  2 hell hounds (D:10)
  3 water moccasins
  2 porcupines (Lair:2)
  2 orc warriors
  2 sky beasts (D:5)
  An eye of draining (D:10)
  An ice beast (D:7)
  A phantom (D:5)
  4 slaves (D:4)
  5 centaurs
  10 wolves
  7 ogres
  2 crocodiles (Lair:2)
  7 bullfrogs
  A gnoll sergeant (D:9)
  2 scorpions
  15 killer bees
  2 howler monkeys
  A crimson imp (D:5)
  A centaur zombie (D:5)
  A quasit (D:9)
  A bullfrog zombie (D:8)
  5 bullfrog skeletons
  5 orc priests
  4 hounds
  8 orc wizards
  An iguana (D:8)
  7 worker ants
  A killer bee zombie (D:5)
  A worker ant zombie (D:8)
  A howler monkey zombie (D:9)
  8 gnolls
  A river rat (D:5)
  12 adders
  2 shadow imps
  2 oozes (D:3)
  2 adder skeletons
  4 worms
  2 leopard geckos
  27 orcs
  2 giant cockroaches
  9 hobgoblins
  12 jackals
  5 quokkas
  2 ball pythons (D:2)
  9 bats
  10 frilled lizards
  3 goblins
  A jackal skeleton (D:4)
  7 kobolds
  12 rats
  A fungus (Lair:2)
271 creatures vanquished.

Vanquished Creatures (others)
  A bush (Lair:1)
  6 fungi
  A plant (Lair:2)
8 creatures vanquished.

Grand Total: 279 creatures vanquished

Notes
Turn   | Place    | Note
-------+----------+-------------------------------------------
     0 | D:1      | theMooja the Demonspawn Necromancer began the quest for the Orb.
     0 | D:1      | Reached XP level 1. HP: 13/13 MP: 3/3
   265 | D:1      | Gained mutation: When seriously injured, your bleeding wounds create armour. (AC +9) [demonic ancestry]
   265 | D:1      | Reached XP level 2. HP: 3/19 MP: 0/5
   891 | D:2      | Reached skill level 5 in Necromancy
  1390 | D:2      | Gained mutation: You have sharp toenails. [demonic ancestry]
  1390 | D:2      | Reached XP level 3. HP: 19/24 MP: 6/6
  1497 | D:2      | Learned a level 3 spell: Vampiric Draining
  1709 | D:2      | Gained mutation: Your flesh is heat resistant. (rF+) [demonic ancestry]
  1709 | D:2      | Reached XP level 4. HP: 23/30 MP: 8/8
  1927 | D:3      | Found a faded altar of an unknown god.
  1931 | D:3      | Became a worshipper of Gozag Ym Sagoz the Greedy
  1948 | D:3      | Reached skill level 1 in Armour
  2295 | D:3      | Reached skill level 1 in Maces & Flails
  2503 | D:3      | Reached XP level 5. HP: 18/35 MP: 10/10
  2951 | D:4      | Noticed an ogre
  2959 | D:4      | Killed an ogre
  3019 | D:4      | Reached XP level 6. HP: 14/42 MP: 11/11
  3318 | D:4      | Noticed a slave
  3318 | D:4      | Noticed a slave
  3322 | D:4      | Noticed a slave
  3331 | D:4      | Noticed a slave
  3333 | D:4      | Killed a slave
  3339 | D:4      | Killed a slave
  3345 | D:4      | Killed a slave
  3359 | D:4      | Killed a slave
  3606 | D:4      | Found a blossoming altar of Fedhas.
  4013 | D:5      | Entered Level 5 of the Dungeon
  4176 | D:5      | Noticed a sky beast
  4188 | D:5      | Killed a sky beast
  4188 | D:5      | Reached skill level 1 in Fighting
  4188 | D:5      | Gained mutation: You have razor-sharp toenails. [demonic ancestry]
  4188 | D:5      | Reached XP level 7. HP: 30/48 MP: 13/13
  4506 | D:5      | Found a staircase to the Ecumenical Temple.
  4639 | D:5      | Found a glowing drain.
  5137 | D:5      | Reached XP level 8. HP: 32/54 MP: 15/15
  5188 | D:6      | Noticed Pikel
  5212 | D:6      | Killed Pikel
  5212 | D:6      | Reached skill level 5 in Maces & Flails
  5212 | D:6      | Reached skill level 5 in Spellcasting
  5265 | D:6      | Identified a scroll of acquirement
  5266 | D:6      | Got a pair of scorched boots
  5277 | D:6      | Identified the +0 pair of boots "Pawalupe" {*Contam +Inv rElec rCorr} (You acquired it on level 6 of the Dungeon)
  5319 | D:6      | Learned a level 4 spell: Control Undead
  5328 | D:6      | Found a white marble altar of Elyvilon.
  5672 | D:6      | Found a deep blue altar of Sif Muna.
  5843 | D:6      | Gained mutation: You have claws for feet. [demonic ancestry]
  5843 | D:6      | Reached XP level 9. HP: 42/61 MP: 17/17
  5933 | D:6      | Gained mutation: Your body sometimes deteriorates upon taking damage. [mutagenic glow]
  6109 | D:7      | Noticed Prince Ribbit
  6203 | D:7      | Killed Prince Ribbit
  6872 | D:7      | Reached skill level 1 in Shields
  7121 | D:7      | Learned a level 1 spell: Magic Dart
  7465 | D:8      | Found an opulent altar of Gozag.
  7974 | D:9      | Lost mutation: Your body sometimes deteriorates upon taking damage. [potion of cure mutation]
  8005 | D:9      | Found an iron altar of Okawaru.
  8185 | D:9      | Gained mutation: When seriously injured, your bleeding wounds create thick armour. (AC +9) [demonic ancestry]
  8185 | D:9      | Reached XP level 10. HP: 39/69 MP: 20/20
  8220 | D:9      | Learned a level 1 spell: Sting
  9009 | D:9      | Reached skill level 1 in Poison Magic
  9878 | D:10     | Entered Level 10 of the Dungeon
  9985 | D:10     | Found a staircase to the Lair.
 10214 | D:10     | Reached skill level 1 in Staves
 10322 | D:10     | Reached skill level 1 in Conjurations
 10550 | D:10     | Learned a level 4 spell: Olgreb's Toxic Radiance
 10804 | Lair:1   | Entered Level 1 of the Lair of Beasts
 10825 | Lair:1   | Noticed a black mamba
 10835 | Lair:1   | Killed a black mamba
 11051 | Lair:1   | Gained mutation: You have an increased reservoir of magic. (+10% MP) [potion of beneficial mutation]
 11385 | Lair:1   | Upgraded the game from 0.19.1 to 0.19.1-1-g22dce08
 11385 | Lair:1   | Reached XP level 11. HP: 19/75 MP: 25/25
 13172 | Lair:2   | Reached skill level 5 in Staves
 13328 | Lair:2   | Noticed a five-headed hydra
 13610 | Lair:2   | HP: 1/76 [six-headed hydra (13)]
 13936 | Lair:2   | Slain by a blink frog

Skill      XL: |  1  2  3  4  5  6  7  8  9 10 11 |
---------------+----------------------------------+-----
Necromancy     | 5 6 7 9 |  9.1
Spellcasting   | 3 4 5 6 8 9 |  9.0
Armour         | 1 2 3 |  3.6
Maces & Flails | 1 2 3 4 5 6 7 |  7.1
Dodging        | 2 3 |  3.9
Fighting       | 1 2 3 4 |  4.0
Stealth        | 2 |  2.5
Shields        | 2 3 |  3.5
Poison Magic   | 3 4 |  4.5
Staves         | 3 5 |  5.6
Conjurations   | 1 2 |  2.0

Action                   |  1- 3 |  4- 6 |  7- 9 | 10-12 || total
-------------------------+-------+-------+-------+-------++-------
Melee: Unarmed           |    13 |       |       |       ||    13
       Whip              |    19 |   228 |   533 |   135 ||   915
       Kick              |     2 |    14 |    62 |    86 ||   164
       Lajatang          |       |       |       |   186 ||   186
 Cast: Pain              |    60 |    19 |     5 |     7 ||    91
       Vampiric Draining |       |    25 |    53 |   103 ||   181
       Control Undead    |       |       |     1 |       ||     1
       Magic Dart        |       |       |    10 |       ||    10
       Sting             |       |       |       |   100 ||   100
       Olgreb's Toxic Ra |       |       |       |     5 ||     5
Invok: Potion Petition   |       |       |       |     2 ||     2
Evoke: Wand              |       |       |       |     2 ||     2
  Use: Scroll            |     6 |     4 |    11 |    10 ||    31
       Potion            |       |       |     7 |     6 ||    13
 Stab: Sleeping          |     2 |     2 |       |     1 ||     5
       Distracted        |       |       |     1 |     2 ||     3
  Eat: Bread ration      |     1 |     2 |     5 |     2 ||    10
       Pizza             |     1 |       |     1 |     1 ||     3
       Meat ration       |       |       |       |     2 ||     2
       Royal jelly       |       |       |       |     1 ||     1
Armor: Leather armour    |    25 |    62 |   164 |   127 ||   378
Dodge: Dodged            |    32 |   128 |   303 |   274 ||   737
Block: Shield            |       |       |    20 |       ||    20
